 Dungeon Crawl Stone Soup version 0.21.1-1-g345015f (webtiles) character file.

4025 empire the Nimble (level 10, -3/84 HPs)
             Began as a Gnoll Gladiator on Mar 28, 2018.
             Slain by a two-headed ogre
             ... wielding a cursed +0 giant club
              (20 damage)
             ... on level 8 of the Dungeon on Apr 4, 2018.
             The game lasted 00:20:46 (7378 turns).

empire the Nimble (Gnoll Gladiator)                 Turns: 7378, Time: 00:20:47

Health: -3/84      AC:  9    Str: 20    XL:     10   Next: 24%
Magic:  26/26      EV: 18    Int: 13    God:
Gold:   176        SH:  0    Dex: 19    Spells: 16/19 levels left

rFire    . . .     SeeInvis .   a - +0 war axe
rCold    . . .     Gourm    .   (no shield)
rNeg     . . .     Faith    .   Q - +1 leather armour of Omission {rPois MR++ Str+2 Slay+3}
rPois    +         Spirit   .   C - +1 helmet {Int+3}
rElec    .         Reflect  .   s - +0 cloak
rCorr    .         Harm     .   (no gloves)
MR       ++...                  (no boots)
Stlth    +++.......             (no amulet)
HPRegen  0.24/turn              l - ring of magical power
MPRegen  0.20/turn              (no ring)

@: no status effects
A: distributed training, fangs 1, robust 1, shaggy fur 1, strong nose
a: no special abilities


You were on level 8 of the Dungeon.
You were not hungry.

You visited 1 branch of the dungeon, and saw 8 of its levels.

You collected 489 gold pieces.
You spent 313 gold pieces at shops.

Inventory:

Hand Weapons
 a - a +0 war axe (weapon)
Missiles
 d - 84 bolts
 o - 53 poisoned needles
 t - 94 arrows
Armour
 b - a +1 chain mail of poison resistance
 k - a +0 chain mail
 p - the +0 ring mail "Joleff" {Str+2 Int+2}
   (You found it on level 4 of the Dungeon)

   It affects your strength (+2).
   It affects your intelligence (+2).
 s - a +0 cloak (worn)
 u - a cursed +0 shield
 C - a +1 helmet of intelligence (worn)
 Q - the +1 leather armour of Omission (worn) {rPois MR++ Str+2 Slay+3}
   (You found it on level 7 of the Dungeon)

   It affects your strength (+2).
   It affects your accuracy and damage with ranged weapons and melee attacks
   (+3).
   It protects you from poison.
   It affects your resistance to hostile enchantments.
Magical Staves
 O - an uncursed staff of cold {unknown}
Jewellery
 l - a ring of magical power (left hand)
Wands
 E - a wand of paralysis (12)
 M - a wand of random effects (38)
 P - a wand of flame (22)
Scrolls
 g - a scroll of blinking {unknown}
 i - 2 scrolls of magic mapping {unknown}
 m - a scroll of noise {unknown}
 r - 2 scrolls of enchant armour {unknown}
 w - 3 scrolls of identify
 y - 8 scrolls of teleportation
 z - 5 scrolls of amnesia {unknown}
 D - 4 scrolls of remove curse {unknown}
 F - 2 scrolls of fog {unknown}
 G - a scroll of immolation {unknown}
 H - a scroll of random uselessness {unknown}
 I - a scroll of fear {unknown}
Potions
 c - a potion of brilliance {unknown}
 j - a potion of resistance {unknown}
 n - a potion of flight {unknown}
 q - a potion of might {unknown}
 v - 3 potions of curing
 x - a potion of cancellation {unknown}
 A - 2 potions of berserk rage
 B - a potion of agility
 J - a potion of lignification {unknown}
 K - a potion of magic {unknown}
Books
 h - a book of Clouds

   Spells                             Type                      Level
   a - Poisonous Vapours              Poison/Air                   2
   b - Mephitic Cloud                 Conjuration/Poison/Air       3
   c - Conjure Flame                  Conjuration/Fire             3
   d - Freezing Cloud                 Conjuration/Ice/Air          6
   e - Ring of Flames                 Charms/Fire                  7
Comestibles
 f - 18 rations


   Skills:
 + Level 6.8 Fighting
 + Level 5.0 Short Blades
 + Level 5.0 Long Blades
 + Level 8.3 Axes
 + Level 5.0 Maces & Flails
 + Level 5.0 Polearms
 + Level 5.0 Staves
 + Level 5.0 Slings
 + Level 5.0 Bows
 + Level 5.0 Crossbows
 + Level 6.8 Throwing
 + Level 5.0 Armour
 + Level 8.3 Dodging
 + Level 5.0 Stealth
 + Level 5.0 Shields
 + Level 5.0 Unarmed Combat
 + Level 5.0 Spellcasting
 + Level 4.1 Conjurations
 + Level 4.1 Hexes
 + Level 4.1 Charms
 + Level 4.1 Summonings
 + Level 4.1 Necromancy
 + Level 4.1 Translocations
 + Level 4.1 Transmutations
 + Level 4.1 Fire Magic
 + Level 4.1 Ice Magic
 + Level 4.1 Air Magic
 + Level 4.1 Earth Magic
 + Level 4.1 Poison Magic
 + Level 5.5 Invocations
 + Level 5.0 Evocations


You had 16 spell levels left.
You knew the following spells:

 Your Spells              Type           Power        Failure   Level  Hunger
a - Mephitic Cloud        Conj/Pois/Air  ##......     12%         3    ###....


Dungeon Overview and Level Annotations

Branches:
Dungeon (8/15)             Temple (0/1) D:6
   Lair: D:8-11

Altars:
Ashenzari

Shops:
D:6 *   D:7 (


Innate Abilities, Weirdness & Mutations

Your experience applies equally to all skills.
You have very sharp teeth.
Your uncanny sense of smell can sniff out nearby items.
You are robust. (+10% HP)
You are covered in fur. (AC +1)


Message History

The two-headed ogre misses you.
You hit the two-headed ogre. You bite the two-headed ogre.
The two-headed ogre is moderately wounded.
The two-headed ogre hits you with a giant club!
The two-headed ogre hits you with a giant spiked club!
You slash the two-headed ogre! Your bite misses the two-headed ogre.
The two-headed ogre is heavily wounded.
The two-headed ogre closely misses you. The two-headed ogre misses you.
You hit the two-headed ogre.
The two-headed ogre is severely wounded.
You hit the two-headed ogre. Your bite misses the two-headed ogre.
The two-headed ogre is severely wounded.
The two-headed ogre completely misses you.
The two-headed ogre misses you.
You hit the two-headed ogre but do no damage.
The two-headed ogre is severely wounded.
The two-headed ogre hits you with a giant club!!
* * * LOW HITPOINT WARNING * * *
The two-headed ogre hits you with a giant spiked club!!
You die...

....(.#..#.....#
......#..#####......#
......#...#..#......+
#######...#..#......# #
#...#..#......# #
#...#..#......# #
+..##..#......#
#######..##..#......#
#....##......'..@O..#
........>....#......#
.....(...##+##..........
#######..# ............
...# #### ...###+##....
...# #.... .... ...#
#.... ... ...# #.... ..
...#


You could see a two-headed ogre.

Vanquished Creatures
  A two-headed ogre (D:8)
  The ghost of Shinoi the Archer, a novice CeHu of Okawaru (D:6)
  A hippogriff (D:7)
  A hungry ghost (D:8)
  Menkaure (D:6)
  A phantom (D:7)
  3 sky beasts
  A black bear (D:7)
  6 ogres
  A centaur (D:6)
  A big kobold (D:8)
  A bullfrog (D:6)
  A water moccasin zombie (D:6)
  2 scorpions (D:7)
  A howler monkey (D:4)
  8 wights
  3 crimson imps
  4 orc priests
  2 bullfrog skeletons
  3 hounds
  A centaur skeleton (D:6)
  An iguana (D:8)
  2 orc wizards
  3 worker ants (D:6)
  A hound skeleton (D:6)
  A worker ant zombie (D:5)
  7 gnolls
  7 adders
  2 shadow imps
  An ooze (D:3)
  An adder skeleton (D:6)
  3 worms
  3 dart slugs
  7 leopard geckos
  19 orcs
  2 ball pythons
  7 bats
  3 giant cockroaches (D:4)
  9 goblins
  9 hobgoblins
  16 jackals
  2 quokkas
  2 frilled lizards
  16 kobolds
  A quokka skeleton (D:5)
  8 rats
177 creatures vanquished.

Notes
Turn   | Place    | Note
-------+----------+-------------------------------------------
     0 | D:1      | empire the Gnoll Gladiator began the quest for the Orb.
     0 | D:1      | Reached XP level 1. HP: 20/20 MP: 1/1
    97 | D:1      | Reached XP level 2. HP: 24/26 MP: 2/2
   292 | D:1      | Reached XP level 3. HP: 31/31 MP: 3/3
   849 | D:2      | Reached skill level 1 in Invocations
   892 | D:2      | Reached skill level 1 in Short Blades
   892 | D:2      | Reached skill level 1 in Long Blades
   892 | D:2      | Reached skill level 1 in Maces & Flails
   892 | D:2      | Reached skill level 1 in Polearms
   892 | D:2      | Reached skill level 1 in Staves
   892 | D:2      | Reached skill level 1 in Slings
   892 | D:2      | Reached skill level 1 in Bows
   892 | D:2      | Reached skill level 1 in Crossbows
   892 | D:2      | Reached skill level 1 in Armour
   892 | D:2      | Reached skill level 1 in Stealth
   892 | D:2      | Reached skill level 1 in Shields
   892 | D:2      | Reached skill level 1 in Unarmed Combat
   892 | D:2      | Reached skill level 1 in Spellcasting
   892 | D:2      | Reached skill level 1 in Evocations
   892 | D:2      | Reached XP level 4. HP: 23/38 MP: 5/5
  1205 | D:2      | Reached skill level 1 in Conjurations
  1205 | D:2      | Reached skill level 1 in Hexes
  1205 | D:2      | Reached skill level 1 in Charms
  1205 | D:2      | Reached skill level 1 in Summonings
  1205 | D:2      | Reached skill level 1 in Necromancy
  1205 | D:2      | Reached skill level 1 in Translocations
  1205 | D:2      | Reached skill level 1 in Transmutations
  1205 | D:2      | Reached skill level 1 in Fire Magic
  1205 | D:2      | Reached skill level 1 in Ice Magic
  1205 | D:2      | Reached skill level 1 in Air Magic
  1205 | D:2      | Reached skill level 1 in Earth Magic
  1205 | D:2      | Reached skill level 1 in Poison Magic
  1467 | D:2      | Reached XP level 5. HP: 43/43 MP: 7/7
  1638 | D:2      | Found a shattered altar of Ashenzari.
  2165 | D:3      | Noticed an ogre
  2173 | D:3      | Killed an ogre
  2173 | D:3      | Reached XP level 6. HP: 13/50 MP: 8/8
  2988 | D:3      | Reached skill level 5 in Fighting
  2988 | D:3      | Reached skill level 5 in Throwing
  3138 | D:4      | Reached XP level 7. HP: 31/56 MP: 10/10
  3489 | D:4      | Got a scorched ring mail
  4099 | D:5      | Entered Level 5 of the Dungeon
  4251 | D:5      | Gained mutation: You have a pair of small antennae on your head. [potion of mutation]
  4251 | D:5      | Gained mutation: You are partially covered in slimy green scales. (AC +2) [potion of mutation]
  4292 | D:5      | Lost mutation: You have a pair of small antennae on your head. [potion of mutation]
  4292 | D:5      | Lost mutation: You are partially covered in slimy green scales. (AC +2) [potion of mutation]
  4292 | D:5      | Gained mutation: You are robust. (+10% HP) [potion of mutation]
  4292 | D:5      | Gained mutation: You are covered in fur. (AC +1) [potion of mutation]
  4501 | D:5      | Reached XP level 8. HP: 69/69 MP: 12/12
  4635 | D:6      | Noticed Shinoi's ghost (novice CeHu)
  4654 | D:6      | Killed Shinoi's ghost
  4807 | D:6      | Noticed Menkaure
  4812 | D:6      | Killed Menkaure
  4908 | D:6      | Found Nuthrabycw's Assorted Antiques.
  4926 | D:6      | Bought a sedimented purple potion for 22 gold pieces
  4926 | D:6      | Bought a scroll labeled NAELIBLECUO for 25 gold pieces
  4926 | D:6      | Bought a scroll labeled GAANAI TOUMI for 25 gold pieces
  4926 | D:6      | Bought a scroll labeled YTOSHU LOEJUET for 25 gold pieces
  4926 | D:6      | Bought a sedimented purple potion for 22 gold pieces
  4926 | D:6      | Bought a lumpy white potion for 22 gold pieces
  4926 | D:6      | Bought a scroll of teleportation for 75 gold pieces
  4926 | D:6      | Bought a scroll of teleportation for 75 gold pieces
  4926 | D:6      | Bought a pink potion for 22 gold pieces
  4926 | D:6      | Identified the +0 ring mail "Joleff" {Str+2 Int+2} (You found it on level 4 of the Dungeon)
  4971 | D:6      | Reached XP level 9. HP: 75/75 MP: 14/14
  5003 | D:6      | Learned a level 3 spell: Mephitic Cloud
  5337 | D:6      | Found a staircase to the Ecumenical Temple.
  6251 | D:7      | Found Reemeic's Antique Weapon Shoppe.
  6281 | D:7      | Got an ichor-stained leather armour
  6282 | D:7      | Identified the +1 leather armour of Omission {rPois MR++ Str+2 Slay+3} (You found it on level 7 of the Dungeon)
  6919 | D:8      | Reached skill level 5 in Invocations
  7035 | D:8      | Noticed a two-headed ogre
  7052 | D:8      | Killed a two-headed ogre
  7052 | D:8      | Reached XP level 10. HP: 39/84 MP: 17/17
  7054 | D:8      | Reached skill level 5 in Short Blades
  7054 | D:8      | Reached skill level 5 in Long Blades
  7054 | D:8      | Reached skill level 5 in Maces & Flails
  7054 | D:8      | Reached skill level 5 in Polearms
  7054 | D:8      | Reached skill level 5 in Staves
  7054 | D:8      | Reached skill level 5 in Slings
  7054 | D:8      | Reached skill level 5 in Bows
  7054 | D:8      | Reached skill level 5 in Crossbows
  7054 | D:8      | Reached skill level 5 in Armour
  7054 | D:8      | Reached skill level 5 in Stealth
  7054 | D:8      | Reached skill level 5 in Shields
  7054 | D:8      | Reached skill level 5 in Unarmed Combat
  7054 | D:8      | Reached skill level 5 in Spellcasting
  7054 | D:8      | Reached skill level 5 in Evocations
  7369 | D:8      | Noticed a two-headed ogre
  7378 | D:8      | Slain by a two-headed ogre

Skill      XL: |  1  2  3  4  5  6  7  8  9 10 |
---------------+-------------------------------+-----
Invocations    | 1 2 3 4 5 |  5.5
Short Blades   | 1 2 3 4 5 |  5.0
Long Blades    | 1 2 3 4 5 |  5.0
Maces & Flails | 1 2 3 4 5 |  5.0
Polearms       | 1 2 3 4 5 |  5.0
Staves         | 1 2 3 4 5 |  5.0
Slings         | 1 2 3 4 5 |  5.0
Bows           | 1 2 3 4 5 |  5.0
Crossbows      | 1 2 3 4 5 |  5.0
Armour         | 1 2 3 4 5 |  5.0
Stealth        | 1 2 3 4 5 |  5.0
Shields        | 1 2 3 4 5 |  5.0
Unarmed Combat | 1 2 3 4 5 |  5.0
Spellcasting   | 1 2 3 4 5 |  5.0
Evocations     | 1 2 3 4 5 |  5.0
Conjurations   | 1 2 3 4 |  4.1
Hexes          | 1 2 3 4 |  4.1
Charms         | 1 2 3 4 |  4.1
Summonings     | 1 2 3 4 |  4.1
Necromancy     | 1 2 3 4 |  4.1
Translocations | 1 2 3 4 |  4.1
Transmutations | 1 2 3 4 |  4.1
Fire Magic     | 1 2 3 4 |  4.1
Ice Magic      | 1 2 3 4 |  4.1
Air Magic      | 1 2 3 4 |  4.1
Earth Magic    | 1 2 3 4 |  4.1
Poison Magic   | 1 2 3 4 |  4.1
Fighting       | 5 6 |  6.8
Throwing       | 5 6 |  6.8
Axes           | 7 8 |  8.3
Dodging        | 7 8 |  8.3

Action                   |  1- 3 |  4- 6 |  7- 9 | 10-12 || total
-------------------------+-------+-------+-------+-------++-------
Melee: War axe           |    57 |   140 |   329 |    15 ||   541
       Bite              |     5 |    15 |    50 |     3 ||    73
       Punch             |       |       |    16 |       ||    16
Throw: Throwing net      |       |     2 |     1 |       ||     3
Evoke: Wand              |       |       |    15 |     1 ||    16
  Use: Potion            |       |     1 |    10 |       ||    11
       Scroll            |       |       |     9 |       ||     9
 Stab: Sleeping          |     1 |     5 |     2 |       ||     8
  Eat: Chunk             |       |     7 |     7 |     2 ||    16
       Ration            |       |       |     2 |       ||     2
Armor: Leather armour    |    11 |    32 |    49 |       ||    92
       Ring mail         |       |       |    59 |       ||    59
Dodge: Dodged            |    62 |   135 |   352 |    19 ||   568
